 Dungeon Crawl Stone Soup version 0.26.1-2-gb8aa6d0cf2 (webtiles) character file.

Game seed: 7874493180288592077

39681 dohliylev the Severer (level 13, -2/180 (186) HPs)
             Began as a Minotaur Berserker on Mar 25, 2021.
             Was a High Priest of Trog.
             Killed from afar by an oklob plant (14 damage)
             ... with a splash of acid
             ... on level 5 of the Lair of Beasts.
             The game lasted 00:35:54 (16389 turns).

dohliylev the Severer (Minotaur Berserker)         Turns: 16389, Time: 00:35:55

HP:   -2/180 (186)  AC: 18    Str: 27    XL:     13   Next: 70%
MP:   12/12         EV:  2    Int:  7    God:    Trog [*****.]
Gold: 1171          SH:  0    Dex: 10    Spells: 12/12 levels left

rFire    . . .     SeeInvis .   O - +8 executioner's axe of Doubt {vorpal, +Inv rN+ Will+ Int+3}
rCold    . . .     Faith    .   (shield currently unavailable)
rNeg     + + +     Spirit   .   (armour currently unavailable)
rPois    +         Reflect  .   (helmet currently unavailable)
rElec    .         Harm     .   (cloak currently unavailable)
rCorr    .         Rampage  .   (gloves currently unavailable)
Will     +....     NoTele   +   (boots currently unavailable)
Stlth    +.........             t - amulet of regeneration
HPRegen  0.80/turn              z - ring of poison resistance
MPRegen  0.13/turn              G - +4 ring of evasion

@: mighty, tree-form, corroded, very slightly contaminated, lightly drained
A: (retaliatory headbutt)
a: Renounce Religion, Evoke Invisibility, Berserk, Trog's Hand, Brothers in Arms


You were on level 5 of the Lair of Beasts.
You worshipped Trog.
Trog was extremely pleased with you.
You were a tree.
You visited 2 branches of the dungeon, and saw 16 of its levels.

You collected 1171 gold pieces.

Inventory:

Hand Weapons
 O - the +8 executioner's axe of Doubt (weapon) {vorpal, +Inv rN+ Will+ Int+3}
   (Trog gifted it to you on level 5 of the Lair of Beasts)

   It inflicts extra damage upon your enemies.
   It affects your intelligence (+3).
   It protects you from negative energy.
   It affects your willpower, your defense against some magical effects.
   It lets you turn invisible.
Armour
 l - a +1 troll leather armour (melded) {Snorg}
 u - a +0 hat of intelligence (melded)
 y - a +0 pair of gloves (melded)
 A - a +0 cloak (melded)
 E - +0 swamp dragon scales
 J - the +3 scale mail of Barnacled Wonder {+Fly rC- Dex+5}
   (You found it on level 11 of the Dungeon)

   It affects your dexterity (+5).
   It makes you vulnerable to cold.
   It lets you fly.
Jewellery
 i - an uncursed ring of see invisible
 r - the ring of Egrofun {*Slow rElec rC+ Dex+6}
   (You found it on level 10 of the Dungeon)

   [ring of dexterity]

   It affects your dexterity (+6).
   It protects you from cold.
   It insulates you from electricity.
   It may slow you when you take damage.
 t - an amulet of regeneration (around neck)
 z - a ring of poison resistance (left branch)
 F - an uncursed ring of protection from fire
 G - a +4 ring of evasion (right branch)
 H - an uncursed ring of ice
 L - an uncursed ring of flight
Wands
 C - a wand of digging (3)
Scrolls
 b - 5 scrolls of remove curse
 c - 4 scrolls of magic mapping
 f - 4 scrolls of blinking
 g - a scroll of enchant armour {unknown}
 j - 4 scrolls of fear
 m - a scroll of fog {unknown}
 p - 6 scrolls of teleportation
 s - 4 scrolls of enchant weapon
 w - a scroll of torment {unknown}
 B - 2 scrolls of silence
Potions
 a - 2 potions of degeneration {unknown}
 e - 3 potions of ambrosia {unknown}
 h - 3 potions of lignification
 k - a potion of might
 n - a potion of heal wounds {unknown}
 q - a potion of attraction {unknown}
 v - 5 potions of curing
 K - 2 potions of mutation {unknown}
 M - a potion of haste {unknown}


   Skills:
 + Level 14.0 Fighting
 + Level 18.6 Axes
 + Level 14.0 Armour
 + Level 5.2 Dodging
 + Level 0.1 Evocations


You had 12 spell levels left.
You didn't know any spells.
Your spell library was empty.

Dungeon Overview and Level Annotations

Branches:
Dungeon (11/15)            Temple (0/1) D:6            Lair (5/6) D:8
 Shoals (0/4) Lair:3        Snake (0/4) Lair:4        Slime (0/5) Lair:5
    Orc (0/2) D:11

Altars:
Ashenzari
Cheibriados
Dithmenos
Elyvilon
Gozag
Hepliaklqana
Qazlal
Trog
Uskayaw
Vehumet
Xom
Yredelemnul
Zin
The Shining One
Jiyva

Shops:
D:10 (}

Annotations:
Lair:5 2 transporters, exclusion: 2 oklob plants, kalagan's ghost, journeyman DECj


Innate Abilities, Weirdness & Mutations

((You reflexively headbutt those who attack you in melee.))
((You have a pair of horns on your head.))


Message History

You feel stupid.
Your roots penetrate the ground.
You hit the oklob plant.
The oklob plant is severely damaged.
The oklob plant spits acid at you. The splash of acid hits you!
* * * LOW HITPOINT WARNING * * *
You are splashed with acid!
* * * LOW HITPOINT WARNING * * *
It was a potion of curing.
You feel better. The oklob plant spits acid at you.
The splash of acid hits you but does no damage.
You are splashed with acid!
* * * LOW HITPOINT WARNING * * *
Unknown command.
It was a potion of might.
You feel very mighty all of a sudden. The oklob plant spits acid at you.
The splash of acid hits you!
You die...

####### ### #.P!$.# #.## #.)♣..#
#####
##..##########..$.:######.#.###
##....#.....##?$$.)#.#..##....###
.............#.$..P#.............
.............#...PP#.............
##.#.#.#...........).#...........
#...###....#........#.......P#..#
..#.###.....P.................[#.
.....##P...+.........#.....P.....


You could see 2 oklob plants.

Vanquished Creatures
  Gastronok (D:9)
  Snorg (Lair:3)
  5 hydras
  Fannar (D:11)
  5 two-headed ogres
  A queen ant (Lair:2)
  Urug (Lair:1)
  Sonja (D:11)
  Pikel (D:7)
  The ghost of Sassenached the Digger, a novice HuWn (D:6)
  An ugly thing (D:11)
  2 oklob plants (Lair:5)
  5 elephants
  7 cane toads
  4 black mambas
  Maggie (D:10)
  A kobold demonologist (D:11)
  10 komodo dragons
  A rime drake (Lair:4)
  2 trolls
  A merfolk (Lair:3)
  A polar bear (Lair:5)
  A hornet (shapeshifter) (D:11)
  19 blink frogs
  Sigmund (D:4)
  2 wyverns
  21 yaks
  4 basilisks
  Menkaure (D:6)
  4 soldier ants (Lair:2)
  7 water moccasins
  3 ice beasts
  5 sky beasts
  A phantom (D:7)
  2 orc warriors
  An eye of draining (D:10)
  17 wolves
  8 centaurs
  A big kobold (D:7)
  6 ogres
  11 bullfrogs
  Blork the orc (D:4)
  A water moccasin zombie (D:5)
  4 scorpions
  2 electric eels (Lair:4)
  12 wights
  3 howler monkeys
  2 centaur zombies
  A bullfrog zombie (D:11)
  8 orc priests
  2 hounds
  2 jellies
  10 orc wizards
  4 iguanas
  22 worker ants
  2 hound zombies
  2 hound skeletons
  A howler monkey skeleton (D:4)
  3 gnolls (D:4)
  20 adders
  A shadow imp (D:6)
  A white imp (D:7)
  2 ufetubi
  An adder skeleton (D:9)
  An adder zombie (D:9)
  2 dart slugs
  6 leopard geckos
  36 orcs
  6 ball pythons
  7 giant cockroaches
  11 goblins
  5 hobgoblins
  8 jackals
  12 kobolds
  3 quokkas
  7 frilled lizards
  A quokka skeleton (D:5)
  4 rats
  A plant (Lair:5)
386 creatures vanquished.

Vanquished Creatures (collateral kills)
  A hydra (Lair:1)
  2 merfolk sirens (Lair:3)
  A merfolk (Lair:3)
  2 wolves (Lair:1)
6 creatures vanquished.

Vanquished Creatures (others)
  19 fungi
  38 plants
57 creatures vanquished.

Grand Total: 449 creatures vanquished

Notes
Turn   | Place    | Note
-------+----------+-------------------------------------------
     0 | D:1      | dohliylev the Minotaur Berserker began the quest for the
                  | Orb.
     0 | D:1      | Reached XP level 1. HP: 19/19 MP: 0/0
   204 | D:1      | Reached skill level 4 in Axes
   204 | D:1      | Reached XP level 2. HP: 26/27 MP: 1/1
   700 | D:2      | Reached XP level 3. HP: 34/34 MP: 2/2
   898 | D:2      | Reached XP level 4. HP: 38/41 MP: 3/3
   901 | D:2      | Reached ** piety under Trog
  1260 | D:2      | Reached skill level 5 in Axes
  1413 | D:2      | Found a glowing golden altar of the Shining One.
  1426 | D:2      | Found a shimmering altar of Xom.
  1427 | D:2      | Found a shadowy altar of Dithmenos.
  1435 | D:2      | Found a basalt altar of Yredelemnul.
  1438 | D:2      | Found an opulent altar of Gozag.
  1773 | D:3      | Found a glowing silver altar of Zin.
  2013 | D:3      | Reached XP level 5. HP: 43/47 MP: 4/4
  2260 | D:3      | Found a broken altar of Ashenzari.
  2408 | D:3      | Found a hide-covered altar of Uskayaw.
  2686 | D:4      | Reached skill level 6 in Axes
  2748 | D:4      | Noticed Blork the orc
  2755 | D:4      | Killed Blork the orc
  2756 | D:4      | Reached XP level 6. HP: 55/55 MP: 5/5
  2809 | D:4      | Reached skill level 5 in Fighting
  2979 | D:4      | Found a white marble altar of Elyvilon.
  3097 | D:4      | Reached *** piety under Trog
  3102 | D:4      | Noticed Sigmund
  3107 | D:4      | Killed Sigmund
  3108 | D:4      | Reached skill level 7 in Axes
  3108 | D:4      | Reached XP level 7. HP: 61/61 MP: 6/6
  3143 | D:4      | Reached skill level 5 in Armour
  3272 | D:4      | Found a hazy altar of Hepliaklqana.
  3272 | D:4      | Found a snail-covered altar of Cheibriados.
  3374 | D:4      | Reached skill level 8 in Axes
  3987 | D:5      | Entered Level 5 of the Dungeon
  4180 | D:5      | Reached skill level 9 in Axes
  4307 | D:5      | Reached XP level 8. HP: 70/70 MP: 7/7
  4564 | D:5      | Found a bloodstained altar of Trog.
  5191 | D:5      | Got a transparent leather armour
  5202 | D:5      | Identified the +1 leather armour of the Catamount {Dex+4}
                  | (You found it on level 5 of the Dungeon)
  5520 | D:6      | Noticed Menkaure
  5523 | D:6      | Killed Menkaure
  5790 | D:6      | Found a staircase to the Ecumenical Temple.
  5830 | D:6      | Reached skill level 10 in Axes
  5918 | D:6      | Found a runed translucent door.
  5928 | D:6      | Noticed Sassenached's ghost (novice HuWn)
  5940 | D:6      | Killed Sassenached's ghost
  5940 | D:6      | Reached **** piety under Trog
  5941 | D:6      | Reached XP level 9. HP: 79/79 MP: 8/8
  6547 | D:7      | Noticed Pikel
  6559 | D:7      | Killed Pikel
  6560 | D:7      | Reached skill level 11 in Axes
  6862 | D:7      | Found a stormy altar of Qazlal.
  7108 | D:7      | Reached skill level 12 in Axes
  7321 | D:8      | Found a radiant altar of Vehumet.
  7512 | D:8      | Noticed a troll
  7525 | D:8      | Killed a troll
  7526 | D:8      | Reached XP level 10. HP: 32/90 MP: 9/9
  7652 | D:8      | Found a staircase to the Lair.
  7844 | D:8      | Noticed a two-headed ogre
  7851 | D:8      | Killed a two-headed ogre
  8173 | D:9      | Noticed Gastronok
  8188 | D:9      | Killed Gastronok
  8189 | D:9      | Reached skill level 13 in Axes
  8189 | D:9      | Reached skill level 10 in Armour
  8732 | D:9      | Noticed a two-headed ogre
  8742 | D:9      | Killed a two-headed ogre
  8844 | D:9      | Reached skill level 14 in Axes
  9316 | D:10     | Entered Level 10 of the Dungeon
  9320 | D:10     | Noticed a two-headed ogre
  9328 | D:10     | Killed a two-headed ogre
  9329 | D:10     | Reached XP level 11. HP: 50/99 MP: 10/10
  9484 | D:10     | Found Rewk's Antique Weapon Shop.
  9548 | D:10     | Reached ***** piety under Trog
  9553 | D:10     | Found Mohigech's Gadget Boutique.
  9617 | D:10     | Got a fine bone ring
  9627 | D:10     | Noticed Maggie
  9636 | D:10     | Killed Maggie
  9637 | D:10     | Reached skill level 10 in Fighting
  9642 | D:10     | Identified the ring of Egrofun {*Slow rElec rC+ Dex+6} (You
                  | found it on level 10 of the Dungeon)
 10248 | D:11     | Noticed Fannar
 10254 | D:11     | Killed Fannar
 10331 | D:11     | Noticed a red ugly thing
 10339 | D:11     | Killed a red ugly thing
 10339 | D:11     | Noticed a two-headed ogre
 10355 | D:11     | Killed a two-headed ogre
 10356 | D:11     | Reached skill level 15 in Axes
 10502 | D:11     | Noticed a soul eater
 10697 | D:11     | Found a staircase to the Orcish Mines.
 10724 | D:11     | Noticed Sonja
 10728 | D:11     | Killed Sonja
 10934 | D:11     | Noticed a two-headed ogre
 10937 | D:11     | Got a bronze scale mail
 10941 | D:11     | Killed a two-headed ogre
 11085 | D:11     | Identified the +3 scale mail of Barnacled Wonder {+Fly rC-
                  | Dex+5} (You found it on level 11 of the Dungeon)
 11292 | Lair:1   | Entered Level 1 of the Lair of Beasts
 11372 | Lair:1   | Noticed Urug
 11386 | Lair:1   | Killed Urug
 11467 | Lair:1   | Reached XP level 12. HP: 103/110 MP: 11/11
 11534 | Lair:1   | Reached skill level 16 in Axes
 11786 | Lair:1   | Noticed a six-headed hydra
 11794 | Lair:1   | Killed a three-headed hydra
 11798 | Lair:1   | Noticed a seven-headed hydra
 11821 | Lair:1   | Killed a five-headed hydra
 12377 | Lair:2   | Noticed a queen ant
 12389 | Lair:2   | Killed a queen ant
 13260 | Lair:3   | Reached skill level 17 in Axes
 13283 | Lair:3   | Noticed Snorg
 13295 | Lair:3   | Killed Snorg
 13529 | Lair:3   | Found a staircase to the Shoals.
 13652 | Lair:3   | Reached XP level 13. HP: 85/119 MP: 12/12
 14366 | Lair:4   | Found a staircase to the Snake Pit.
 15162 | Lair:4   | Reached skill level 18 in Axes
 15904 | Lair:5   | Reached skill level 5 in Dodging
 16021 | Lair:5   | Found a transporter.
 16026 | Lair:5   | Found a transporter.
 16029 | Lair:5   | Noticed kalagan's ghost (journeyman DECj)
 16035 | Lair:5   | Received a gift from Trog
 16040 | Lair:5   | Got an iridescent executioner's axe {god gift}
 16041 | Lair:5   | Identified the +8 executioner's axe of Doubt {vorpal, +Inv
                  | rN+ Will+ Int+3} (Trog gifted it to you on level 5 of the
                  | Lair of Beasts)
 16253 | Lair:5   | Found a viscous altar of Jiyva.
 16253 | Lair:5   | Found a staircase to the Slime Pits.
 16389 | Lair:5   | Killed from afar by an oklob plant

Illustrated notes

Levels and vault maps discovered:
D:1:      tarquinn_simple_flora_water_f, layout_loops_ring
D:2:      layout_rooms, minitemple
D:3:      layout_loops_ring, nicolae_overflow_crystal_walls, zin_scriptorium,
          general_overflow_altar
D:4:      minmay_door_path, layout_rooms, lemuel_coloured_pillars_altar,
          gammafunk_temple_overflow_elements, lemuel_flame_loot_1,
          uniq_blork_the_orc, uniq_sigmund
D:5:      layout_layer_cave, overflow_temple_1_default, kennysheep_potato
D:6:      layout_loops_ring, minmay_temple_entry_offerings,
          ebering_ghost_reflecting_pool, minmay_misc_feat_room,
          hangedman_abyss_or_decor_slice, st_stairs_4,
          chequers_serial_rivers_large_a, uniq_menkaure
D:7:      layout_rooms, grunt_qazlal_clouds, grunt_ministairs_13, uniq_pikel
D:8:      layout_loops_ring, david_lair_shrubbed, basic_altar
D:9:      layout_loops_corners, onia_ninara_dug_in_and_dangerous, uniq_gastronok
D:10:     layout_loops_cross, serial_shops, kennysheep_mini_moat, shop,
          uniq_maggie
D:11:     layout_loops_ring, uniq_fannar, uniq_sonja
Lair:1:   layout_gridlike, chequers_serial_rivers_micro_b, grunt_megastairs_1,
          infiniplex_staircase_pool_2, uniq_urug
Lair:2:   layout_misc_corridors, minmay_another_anthill
Lair:3:   layout_regular_city, elwin_shoals_entry_stream, st_stairs_5,
          uniq_snorg
Lair:4:   layout_regular_city, minmay_snake_entry_six_corridors,
          serial_bayou_pond_b
Lair:5:   layout_regular_city, slime_altar_1, gammafunk_ghost_hive,
          minmay_lair_oklob_chamber, grunt_megastairs_3, serial_bayou_shore_b

Skill      XL: |  1  2  3  4  5  6  7  8  9 10 11 12 13 |
---------------+----------------------------------------+-----
Axes           | 4 5 6 7 9 10 12 14 15 17 18 | 18.6
Fighting       | 4 5 6 7 8 9 11 12 14 | 14.0
Armour         | 3 4 5 7 9 11 12 13 14 | 14.0
Dodging        | 3 5 |  5.2
Evocations     | |  0.1

Action                   |  1- 3 |  4- 6 |  7- 9 | 10-12 | 13-15 || total
-------------------------+-------+-------+-------+-------+-------++-------
Melee: Hand axe          |    63 |    87 |       |       |       ||   150
       Headbutt          |     9 |    17 |    40 |    90 |    34 ||   190
       War axe           |       |    14 |   225 |   118 |       ||   357
       Broad axe         |       |       |       |   260 |   166 ||   426
       Executioner's axe |       |       |       |       |    16 ||    16
Invok: Berserk           |     2 |     4 |     9 |    16 |    11 ||    42
       Trog's Hand       |       |       |       |     6 |     5 ||    11
       Brothers in Arms  |       |       |       |     2 |       ||     2
 Abil: Evoke Invisibilit |       |       |       |       |     1 ||     1
  Use: Scroll            |       |       |       |     6 |     6 ||    12
       Potion            |       |       |       |       |     3 ||     3
 Stab: Invisible         |       |       |       |       |     1 ||     1
Armor: Chain mail        |    25 |    12 |       |       |       ||    37
       Animal skin       |     1 |       |       |       |       ||     1
       Plate armour      |       |    49 |    97 |   168 |       ||   314
       Troll leather arm |       |       |       |    10 |    34 ||    44
       Skin              |       |       |       |       |     1 ||     1
Dodge: Dodged            |    35 |    55 |    88 |   215 |   149 ||   542
